 Dungeon Crawl Stone Soup version 0.21-a0-442-g848f44b (webtiles) character file.

926 Laiders the Basher (level 7, -12/57 HPs)
             Began as a Minotaur Fighter on Nov 15, 2017.
             Was an Initiate of Okawaru.
             Killed by nerve-wracking pain
             ... invoked by Grinder
              (13 damage)
             ... while paralysed by Grinder
             ... on level 5 of the Dungeon.
             The game lasted 00:15:08 (4439 turns).

Laiders the Basher (Minotaur Fighter)               Turns: 4439, Time: 00:15:08

Health: -12/57     AC:  9    Str: 21    XL:     7   Next: 85%
Magic:  6/6        EV:  2    Int:  5    God:    Okawaru [......]
Gold:   259        SH:  0    Dex: 11    Spells: 6/6 levels left

rFire    . . .     SeeInvis .   a - +0 flail
rCold    . . .     Gourm    .   c - +0 shield
rNeg     . . .     Faith    .   b - +0 scale mail
rPois    .         Spirit   .   (helmet restricted)
rElec    .         Reflect  .   (no cloak)
rCorr    .         Harm     .   g - +1 pair of gloves
MR       .....                  (no boots)
Stlth    ..........             (no amulet)
HPRegen  0.19/turn              (no ring)
MPRegen  0.10/turn              (no ring)

@: paralysed
A: retaliatory headbutt, horns 2
a: Renounce Religion


You were on level 5 of the Dungeon.
You worshipped Okawaru.
Okawaru was noncommittal.
You were not hungry.

You visited 2 branches of the dungeon, and saw 6 of its levels.

You collected 259 gold pieces.

Inventory:

Hand Weapons
 a - a +0 flail (weapon)
Missiles
 i - 100 stones (quivered)
 n - 2 tomahawks
 u - 7 silver tomahawks
Armour
 b - a +0 scale mail (worn)
 c - a +0 shield (worn)
 g - a +1 pair of gloves (worn)
Jewellery
 e - a +3 amulet of reflection {unknown}
Wands
 s - a wand of paralysis (6/24)
Scrolls
 h - 4 scrolls of teleportation
 j - a scroll of fear {unknown}
 k - 2 scrolls of noise
 l - 2 scrolls of recharging
 q - 4 scrolls of remove curse
 r - a scroll of blinking {unknown}
 v - 3 scrolls of enchant armour
 y - 2 scrolls of identify
 A - a scroll of silence {unknown}
Potions
 d - a potion of heal wounds {unknown}
 m - a potion of ambrosia
 o - 2 potions of brilliance {unknown}
 t - 2 potions of curing
 w - a potion of agility {unknown}
 x - a potion of lignification {unknown}
 B - 2 potions of resistance {unknown}
Comestibles
 f - 7 bread rations
 p - a royal jelly
 z - a chunk of flesh


   Skills:
 - Level 3.6 Fighting
 + Level 10.9 Maces & Flails
 - Level 3.6 Armour
 - Level 3.6 Shields


You had 6 spell levels left.
You didn't know any spells.

Dungeon Overview and Level Annotations

Branches:
Dungeon (5/15)             Temple (1/1) D:5

Altars:
Ashenzari
Dithmenos
Gozag
Hepliaklqana
Kikubaaqudgha
Makhleb
Nemelex Xobeh
Okawaru
Qazlal
Sif Muna
Trog
Uskayaw
Vehumet
Wu Jian
Xom
Yredelemnul
The Shining One

Annotations:
D:5 Grinder


Innate Abilities, Weirdness & Mutations

You reflexively headbutt those who attack you in melee.
You have a pair of horns on your head.


Message History

You closely miss Grinder. You headbutt Grinder.
Grinder is almost dead.
Grinder blinks!
Grinder gestures at you.
You suddenly lose the ability to move!
Grinder hits you.
You writhe in agony.
* * * LOW HITPOINT WARNING * * *
Grinder hits you.
* * * LOW HITPOINT WARNING * * *
You writhe in agony.
* * * LOW HITPOINT WARNING * * *
Grinder says, "Wait up."
Grinder hits you.
* * * LOW HITPOINT WARNING * * *
You writhe in agony.
* * * LOW HITPOINT WARNING * * *
Grinder barely misses you. Grinder gestures at you.
Pain shoots through your body!
You die...

#. ..# ## #.# #.. # ###..##
#. ...#.###.# ####
#.##...... # # #...
#####.....###.#...# #.##
.........5@.......######.##
###.##...#.##..............
##.##.# ######.##..##
#.##.#########.##..##
..##.##..............
#..##.....###.####..##
#..#####.## #.# #..# #..#
#.# #.# #^.## #.# #.# #....


You could see Grinder.

Vanquished Creatures
  Sigmund (D:5)
  A phantom (D:5)
  An ogre (D:4)
  2 howler monkeys
  A jelly (D:5)
  3 orc priests (D:3)
  A bullfrog zombie (D:5)
  An orc wizard (D:3)
  Jessica (D:2)
  4 worker ants
  A hound skeleton (D:4)
  4 gnolls (D:5)
  5 adders
  A shadow imp (D:5)
  An adder zombie (D:5)
  2 worms
  4 dart slugs
  3 leopard geckos
  4 orcs
  5 giant cockroaches
  4 goblins
  10 hobgoblins
  10 jackals
  9 kobolds
  4 quokkas
  6 bats
  7 frilled lizards
  11 rats
107 creatures vanquished.

Notes
Turn   | Place    | Note
-------+----------+-------------------------------------------
     0 | D:1      | Laiders the Minotaur Fighter began the quest for the Orb.
     0 | D:1      | Reached XP level 1. HP: 19/19 MP: 0/0
    67 | D:1      | Reached skill level 3 in Maces & Flails
   172 | D:1      | Reached XP level 2. HP: 26/26 MP: 1/1
   337 | D:1      | Reached skill level 4 in Maces & Flails
   767 | D:2      | Reached XP level 3. HP: 29/31 MP: 2/2
   980 | D:2      | Noticed Jessica
   985 | D:2      | Killed Jessica
   985 | D:2      | Reached skill level 5 in Maces & Flails
   985 | D:2      | Reached XP level 4. HP: 39/39 MP: 3/3
  1532 | D:3      | Reached skill level 6 in Maces & Flails
  1534 | D:3      | Reached XP level 5. HP: 15/45 MP: 4/4
  2157 | D:3      | Reached skill level 7 in Maces & Flails
  2891 | D:3      | Found a deep blue altar of Sif Muna.
  2952 | D:4      | Reached XP level 6. HP: 51/51 MP: 5/5
  2957 | D:4      | Found a sparkling altar of Nemelex Xobeh.
  3031 | D:4      | Reached skill level 8 in Maces & Flails
  3415 | D:4      | Reached skill level 9 in Maces & Flails
  3869 | D:5      | Entered Level 5 of the Dungeon
  3929 | D:5      | Reached XP level 7. HP: 41/57 MP: 6/6
  4027 | D:5      | Found a staircase to the Ecumenical Temple.
  4033 | D:5      | Noticed Sigmund
  4044 | Temple   | Entered the Ecumenical Temple
  4206 | Temple   | Became a worshipper of Warmaster Okawaru
  4235 | D:5      | Killed Sigmund
  4235 | D:5      | Reached skill level 10 in Maces & Flails
  4248 | D:5      | Found an opulent altar of Gozag.
  4410 | D:5      | Noticed Grinder
  4422 | D:5      | Paralysed by Grinder for 4 turns
  4428 | D:5      | Paralysed by Grinder for 3 turns
  4436 | D:5      | Paralysed by Grinder for 7 turns
  4438 | D:5      | HP: 1/57 [Grinder (2)]
  4439 | D:5      | Killed from afar by Grinder

Vault maps used:
D:1:      grunt_arrival_lava_bath, minmay_crystal_room
D:2:      minmay_distorted, uniq_jessica
D:3:      tgw_sif
D:4:      first_bread, hex_large, nemelex_xobeh_ov_fountains_minmay
D:5:      minmay_opposing_rooms, minmay_temple_entry_glass, basic_altar,
          uniq_duvessa, uniq_sigmund, uniq_grinder
Temple:   eino_wide_crystal_templ

Skill      XL: |  1  2  3  4  5  6  7 |
---------------+----------------------+-----
Maces & Flails | 3 4 5 6 7 9 10 | 10.9
Fighting       | |  3.6
Armour         | |  3.6
Shields        | |  3.6

Action                   |  1- 3 |  4- 6 |  7- 9 || total
-------------------------+-------+-------+-------++-------
Melee: Flail             |    76 |   170 |    59 ||   305
       Headbutt          |     7 |    24 |    14 ||    45
  Use: Potion            |       |     2 |       ||     2
       Scroll            |       |     7 |       ||     7
  Eat: Chunk             |       |    10 |     1 ||    11
Armor: Scale mail        |    43 |    63 |    10 ||   116
Dodge: Dodged            |    23 |    53 |     7 ||    83
Block: Shield            |    56 |    61 |    23 ||   140

Table legend:
 A = Spawn XP
 B = Non-spawn XP
 C = Spawn XP percentage of total XP
 D = Spawn monster count
 E = Non-spawn monster count
 F = Spawn count percentage of total count
 G = Total turns spent on level
                    A         B        C        D         E        F      G
               +---------+---------+-------+---------+---------+-------+---------
         Total |       0 |    1323 |   0.0 |       0 |     107 |   0.0 |  4439
               +---------+---------+-------+---------+---------+-------+---------
           D:1 |       0 |      39 |   0.0 |       0 |      23 |   0.0 |   722
           D:2 |       0 |     107 |   0.0 |       0 |      26 |   0.0 |   797
           D:3 |       0 |     227 |   0.0 |       0 |      24 |   0.0 |  1424
           D:4 |       0 |     299 |   0.0 |       0 |      17 |   0.0 |   926
           D:5 |       0 |     651 |   0.0 |       0 |      17 |   0.0 |   392
               +---------+---------+-------+---------+---------+-------+---------
